 Dungeon Crawl Stone Soup version 0.20.1-1-g8b1a95d66d (webtiles) character file.

78 Ivernyr the Ogre Mage (level 4, -10/42 HPs)
             Began as an Ogre Wizard on Dec 7, 2017.
             Mangled by Sigmund
             ... wielding a +0 scythe
              (12 damage)
             ... on level 3 of the Dungeon.
             The game lasted 00:09:11 (3234 turns).

Ivernyr the Ogre Mage (Ogre Wizard)                 Turns: 3234, Time: 00:09:12

Health: -10/42     AC:  3    Str: 11    XL:     4   Next: 36%
Magic:  0/10       EV: 12    Int: 20    God:
Gold:   132        SH:  0    Dex:  7    Spells: 2/11 levels left

rFire    + . .     SeeInvis .   (no weapon)
rCold    x . .     Gourm    .   (no shield)
rNeg     . . .     Faith    .   a - +0 robe
rPois    .         Spirit   .   b - +0 hat
rElec    .         Reflect  .   (no cloak)
rCorr    .         Harm     .   (gloves unavailable)
MR       .....                  (boots unavailable)
Stlth    +.........             (no amulet)
Regen    0.2/turn               g - +2 ring of evasion
MPRegen  0.2/turn               h - ring of fire

@: very slightly contaminated
A: unfitting armour, tough skin 1
a: no special abilities


You were on level 3 of the Dungeon.
You were near starving.

You visited 1 branch of the dungeon, and saw 3 of its levels.

You collected 132 gold pieces.

Inventory:

Armour
 a - a +0 robe (worn)
 b - a +0 hat (worn)
Jewellery
 g - a +2 ring of evasion (left hand)
 h - a ring of fire (right hand)
Scrolls
 f - 3 scrolls of identify {unknown}
 k - 2 scrolls of enchant armour {unknown}
Potions
 e - 3 potions of flight {unknown}
 i - a potion of berserk rage {unknown}
 j - a potion of heal wounds {unknown}
 l - a potion of mutation {unknown}
 n - a potion of cancellation {unknown}
Books
 c - a book of Minor Magic

   Spells                             Type                      Level
   a - Magic Dart                     Conjuration                  1
   b - Blink                          Translocation                2
   c - Call Imp                       Summoning                    2
   d - Slow                           Hexes                        2
   e - Conjure Flame                  Conjuration/Fire             3
   f - Mephitic Cloud                 Conjuration/Poison/Air       3
Comestibles
 d - 4 bread rations
 m - a royal jelly


   Skills:
 + Level 2.1 Fighting
 - Level 2.0 Dodging
 - Level 1.4 Stealth
 + Level 4.2 Spellcasting
 * Level 2.5 Conjurations
   Level 0.8 Summonings
 - Level 0.8 Translocations


You had 2 spell levels left.
You knew the following spells:

 Your Spells              Type           Power        Failure   Level  Hunger
a - Magic Dart            Conj           ##..         4%          1    None
b - Blink                 Tloc           N/A          13%         2    #......
c - Conjure Flame         Conj/Fire      ##......     22%         3    ###....
d - Mephitic Cloud        Conj/Pois/Air  #.......     26%         3    ###....


Dungeon Overview and Level Annotations

Branches:
Dungeon (3/15)

Altars:

Annotations:
D:3 Sigmund


Innate Abilities, Weirdness & Mutations

You are too large for most types of armour.
You have tough skin. (AC +1)


Message History

Sigmund points at you and mumbles some strange words.
The magic dart hits you!
Casting: Magic Dart
Confirm with . or Enter, or press ? or * to list all spells.
Aiming: Magic Dart
Press: ? - help, Shift-Dir - straight line, f/p - Sigmund
Aim: Sigmund, wielding a scythe and wearing a runed robe (heavily wounded)
The magic dart hits Sigmund.
Sigmund is severely wounded.
Sigmund hits you from afar with a scythe!
* * * LOW HITPOINT WARNING * * *
Casting: Magic Dart
Confirm with . or Enter, or press ? or * to list all spells.
Aiming: Magic Dart
Press: ? - help, Shift-Dir - straight line, f/p - Sigmund
Aim: Sigmund, wielding a scythe and wearing a runed robe (severely wounded)
The magic dart hits Sigmund.
Sigmund is severely wounded.
Sigmund hits you from afar with a scythe!
You die...

#.# ####.# ##### .
##.##.# #... #
..####...#.####.####...#
..'.....K@.............>
..###........##.####...#
. #.#..#.#.##.# #
#.##...#.##.###.##.#
#......#.##.@.@....#
####.###.######.#### #.#
#.# # #.. ..# #. #.# ##
##@# # ##...#####....
#....<(..>..).
##...#####.#.. ##.#


You could see Sigmund.

Vanquished Creatures
  An adder (D:2)
  An ooze (D:1)
  2 worms (D:1)
  2 leopard geckos
  3 giant cockroaches
  5 goblins
  6 hobgoblins
  2 jackals (D:2)
  A quokka (D:2)
  3 ball pythons
  9 bats
  5 frilled lizards
  9 kobolds
  9 rats
58 creatures vanquished.

Notes
Turn   | Place    | Note
-------+----------+-------------------------------------------
     0 | D:1      | Ivernyr the Ogre Wizard began the quest for the Orb.
     0 | D:1      | Reached XP level 1. HP: 16/16 MP: 5/5
     8 | D:1      | Reached skill level 1 in Conjurations
    21 | D:1      | Noticed a polar bear
    21 | D:1      | Noticed a redback
    21 | D:1      | Noticed a lindwurm
    62 | D:1      | Noticed a wolf
    62 | D:1      | Noticed a black mamba
   283 | D:1      | Reached XP level 2. HP: 26/26 MP: 4/6
   338 | D:1      | Learned a level 2 spell: Blink
   417 | D:1      | Reached skill level 1 in Fighting
   721 | D:1      | Reached XP level 3. HP: 33/33 MP: 1/8
   800 | D:1      | Learned a level 3 spell: Conjure Flame
   804 | D:1      | Learned a level 3 spell: Mephitic Cloud
  1332 | D:2      | Reached skill level 4 in Spellcasting
  2011 | D:2      | Reached XP level 4. HP: 42/42 MP: 3/10
  2536 | D:3      | Noticed Sigmund
  3233 | D:3      | HP: 1/42 [Sigmund/scythe (14)]
  3234 | D:3      | Mangled by Sigmund

Skill      XL: |  1  2  3 |
---------------+----------+-----
Conjurations   | 1 2 |  2.5
Dodging        | 2 |  2.0
Fighting       | 1 2 |  2.1
Spellcasting   | 4 |  4.2
Stealth        | |  1.4
Summonings     | |  0.8
Translocations | |  0.8

Action                   |  1- 3 |  4- 6 || total
-------------------------+-------+-------++-------
Melee: Unarmed           |    46 |       ||    46
 Cast: Magic Dart        |   103 |    80 ||   183
  Eat: Chunk             |     3 |     2 ||     5
Armor: Robe              |    23 |     1 ||    24
Dodge: Dodged            |    53 |    12 ||    65
